 Dungeon Crawl Stone Soup version 0.24-a0-173-gc15b636e9c (webtiles) character file.

Game seed: 6754184586001073738

17267903 EnegeticOcto the Ninja (level 27, 224/224 HPs)
             Began as an Octopode Fighter on Mar 12, 2019.
             Was a Follower of Uskayaw.
             Escaped with the Orb
             ... and 15 runes!
             The game lasted 04:33:27 (89563 turns).

EnegeticOcto the Ninja (Octopode Fighter)          Turns: 89563, Time: 04:33:28

Health: 224/224    AC:  8    Str: 14    XL:     27
Magic:  47/47      EV: 31    Int: 15    God:    Uskayaw [*.....]
Gold:   8379       SH: 18    Dex: 16    Spells: 4/66 levels left

rFire    + + +     SeeInvis .   a - +6 rapier of Deflation {speed, +Inv rN++ Dex-2 Stlth+}
rCold    + + .     Gourm    .   V - +5 shield {reflect}
rNeg     + + +     Faith    +   E - +2 hat {MR+}
rPois    +         Spirit   .   y - amulet of faith
rElec    .         Reflect  +   C - +3 ring of protection {=R}
rCorr    +         Harm     .   l - ring of the Komtur {rN+ Str+3 Int+6 Dex-4 Stlth+}
MR       +++++                  J - ring of Toapatim {rCorr *Contam +Fly rF- Slay+6}
Stlth    +++++.....             F - ring "Gaacarr" {rF+ rC++ Str+2}
HPRegen  0.47/turn              L - ring of Pusegg {rPois rF+ Str-5 Slay+2}
MPRegen  0.30/turn              U - ring "Ejinu" {rCorr MR+++ Str-3 Slay+3}
                                O - +6 ring of evasion {=R}
                                G - ring "Zohos" {Fire MR+ Stlth+}

@: very slightly contaminated, studying Dodging
A: almost no armour, stealthy swim, amphibious, 8 rings, constrict 8, icy blue
scales 1, camouflage 1, cold resistance 1, dopey 1, fire resistance 1, mutation
resistance 1, gelatinous body 1, no potion heal 1
0: Orb of Zot
}: 15/15 runes: decaying, slimy, silver, golden, iron, obsidian, icy, bone,
abyssal, demonic, glowing, magical, fiery, dark, gossamer
a: Stomp, Renounce Religion, Evoke Invisibility, Evoke Flight


You escaped.
You worshipped Uskayaw.
Uskayaw was greatly pleased with you.
You were not hungry.

You visited 17 branches of the dungeon, and saw 89 of its levels.
You visited Pandemonium 1 time, and saw 13 of its levels.
You visited the Abyss 2 times.
You also visited: Ossuary, Gauntlet and Desolation.

You collected 10652 gold pieces.
You spent 2273 gold pieces at shops.

Inventory:

Hand Weapons
 a - the +6 rapier of Deflation (weapon) {speed, +Inv rN++ Dex-2 Stlth+}
   (You bought it in a shop on level 4 of the Vaults)

   Attacks with this weapon are significantly faster.
   It affects your dexterity (-2).
   It greatly protects you from negative energy.
   It lets you turn invisible.
   It makes you more stealthy.
Missiles
 z - 4 throwing nets (quivered) {!f}
Armour
 E - a +2 hat of magic resistance (worn)
 V - a +5 shield of reflection (worn)
Jewellery
 l - the ring of the Komtur (right tentacle) {rN+ Str+3 Int+6 Dex-4 Stlth+}
   (You found it on level 3 of the Elven Halls)

   [ring of positive energy]

   It affects your strength (+3).
   It affects your intelligence (+6).
   It affects your dexterity (-4).
   It protects you from negative energy.
   It makes you more stealthy.
 y - an amulet of faith (around mantle)
 C - a +3 ring of protection (left tentacle) {=R}
 F - the ring "Gaacarr" (on tentacle) {rF+ rC++ Str+2}
   (You found it in the Desolation of Salt)

   [ring of protection from fire]

   It affects your strength (+2).
   It protects you from fire.
   It greatly protects you from cold.
 G - the ring "Zohos" (on tentacle) {Fire MR+ Stlth+}
   (You found it in a Gauntlet)

   [ring of fire]

   It enhances your fire magic.
   It protects you from fire.
   It makes you vulnerable to cold.
   It affects your resistance to hostile enchantments.
   It makes you more stealthy.
 J - the ring of Toapatim (on tentacle) {rCorr *Contam +Fly rF- Slay+6}
   (You found it on level 3 of the Lair of Beasts)

   [ring of resist corrosion]

   It affects your accuracy and damage with ranged weapons and melee attacks
   (+6).
   It makes you vulnerable to fire.
   It lets you fly.
   It causes magical contamination when unequipped.
 L - the ring of Pusegg (on tentacle) {rPois rF+ Str-5 Slay+2}
   (You found it on level 1 of the Elven Halls)

   [ring of slaying]

   It affects your strength (-5).
   It affects your accuracy and damage with ranged weapons and melee attacks
   (+2).
   It protects you from fire.
   It protects you from poison.
 O - a +6 ring of evasion (on tentacle) {=R}
 U - the ring "Ejinu" (on tentacle) {rCorr MR+++ Str-3 Slay+3}
   (You took it off a deep elf mage on level 5 of the Vaults)

   [ring of resist corrosion]

   It affects your strength (-3).
   It affects your accuracy and damage with ranged weapons and melee attacks
   (+3).
   It affects your resistance to hostile enchantments.
Wands
 i - a wand of acid (37)
 B - a wand of iceblast (25)
 I - a wand of digging (24)
 P - a wand of enslavement (12)
 R - a wand of paralysis (17)
 T - a wand of scattershot (1)
Scrolls
 m - 7 scrolls of teleportation {@r3 !r}
 o - 8 scrolls of fog {!r}
 u - a scroll of vulnerability
 v - 2 scrolls of silence
 H - 18 scrolls of fear {!r}
 K - a scroll of identify {@r1}
 Q - 3 scrolls of immolation
 S - 6 scrolls of summoning
Potions
 c - 6 potions of might {@q3 !q}
 d - 5 potions of ambrosia
 f - 3 potions of magic
 k - 6 potions of haste {@q4 !q}
 n - 8 potions of brilliance
 p - 8 potions of curing {@q1}
 q - 11 potions of resistance
 r - 11 potions of cancellation
 t - 13 potions of lignification {@q6}
 w - 4 potions of invisibility
 A - 10 potions of agility {@q5 !q}
 X - 14 potions of heal wounds {@q2}
 Y - 2 potions of berserk rage
Books
 x - a manual of Dodging
Miscellaneous
 b - 5 boxes of beasts
 g - a lamp of fire
 h - the horn of Geryon
 j - 3 phantom mirrors
 D - a phial of floods
 M - a lightning rod (4/4)
 N - 4 sacks of spiders
Comestibles
 e - 32 rations


   Skills:
 O Level 27 Fighting
 - Level 14.0 Short Blades
 - Level 16.0 Dodging
 O Level 27 Stealth
 - Level 15.0 Shields
 - Level 20.1 Spellcasting
 - Level 5.0 Conjurations
 - Level 10.0 Charms
 - Level 8.0 Necromancy
 - Level 20.0 Translocations
 - Level 10.0 Transmutations
 - Level 11.9 Air Magic
 - Level 20.6 Earth Magic
 + Level 22.8 Invocations
 - Level 10.0 Evocations


You had 4 spell levels left.
You knew the following spells:

 Your Spells              Type           Power        Failure   Level  Hunger
a - Apportation           Tloc           ######       0%          1    None
b - Borgnjor's Vile Clut  Necr/Erth      ######....   1%          5    ###....
c - Blink                 Tloc           N/A          0%          2    None
d - Lesser Beckoning      Tloc           ######....   0%          3    None
e - Shroud of Golubria    Chrm/Tloc      ######....   0%          2    None
f - Summon Butterflies    Summ           ###.....     3%          1    None
g - Passage of Golubria   Tloc           N/A          0%          4    None
h - Statue Form           Tmut/Erth      ######...    1%          6    #####..
i - Passwall              Tmut/Erth      ######..     0%          2    None
j - Swiftness             Chrm/Air       #####...     1%          2    None
k - Irradiate             Conj/Tmut      #####.....   4%          5    ###....
l - Confusing Touch       Hex            ###...       3%          1    None
m - Sublimation of Blood  Necr           #####.....   1%          2    None
n - Deflect Missiles      Chrm/Air       #####.....   6%          6    #####..
o - Shatter               Erth           ######....   58%         9    #######
p - Controlled Blink      Tloc           N/A          6%          8    #######
T - Regeneration          Chrm/Necr      #####.....   1%          3    None

Your spell library contained the following spells:

 Spells                   Type           Power        Failure   Level  Hunger
 Sandblast                Erth           ######       0%          1    None
 Gell's Gravitas          Tloc           ######....   0%          3    None
 Teleport Other           Tloc           ######..     0%          3    None
 Animate Skeleton         Necr           N/A          1%          1    None
 Flame Tongue             Conj/Fire      ####.        1%          1    None
 Infusion                 Chrm           ####         1%          1    None
 Shock                    Conj/Air       ####         1%          1    None
 Sting                    Conj/Pois      ###.         1%          1    None
 Corpse Rot               Necr           N/A          1%          2    None
 Poisonous Vapours        Pois/Air       ####..       1%          2    None
 Searing Ray              Conj           ####..       1%          2    None
 Song of Slaying          Chrm           #####...     1%          2    None
 Sticks to Snakes         Tmut           #####...     1%          2    None
 Throw Flame              Conj/Fire      ####..       1%          2    None
 Mephitic Cloud           Conj/Pois/Air  ####....     1%          3    None
 Portal Projectile        Hex/Tloc       #####.       1%          3    None
 Spectral Weapon          Hex/Chrm       ####....     1%          3    None
 Spider Form              Tmut/Pois      ####......   1%          3    None
 Static Discharge         Conj/Air       #####...     1%          3    None
 Stone Arrow              Conj/Erth      ######       1%          3    None
 Vampiric Draining        Necr           #####.....   1%          3    None
 Airstrike                Air            ######....   1%          4    None
 Animate Dead             Necr           N/A          1%          4    None
 Force Lance              Conj/Tloc      ######..     1%          4    None
 Leda's Liquefaction      Hex/Erth       #####.....   1%          4    None
 Petrify                  Tmut/Erth      ######..     1%          4    None
 Ignite Poison            Fire/Tmut/Pois #####...     2%          3    None
 Corona                   Hex            ###....      3%          1    None
 Summon Small Mammal      Summ           ###.         3%          1    None
 Conjure Flame            Conj/Fire      ####....     3%          3    None
 Dazzling Spray           Conj/Hex       ###...       3%          3    None
 Summon Lightning Spire   Summ/Air       ####....     3%          4    None
 Ice Form                 Ice/Tmut       ####....     4%          4    None
 Call Imp                 Summ           ###.....     5%          2    None
 Ensorcelled Hibernation  Hex/Ice        ###...       5%          2    None
 Slow                     Hex            ###.....     5%          2    None
 Call Canine Familiar     Summ           ###.....     11%         3    None
 Confuse                  Hex            ###.....     11%         3    None
 Inner Flame              Hex/Fire       ###.....     11%         3    None
 Summon Guardian Golem    Hex/Summ       ###.....     11%         3    None
 Tukima's Dance           Hex            ###.....     11%         3    None
 Fulminant Prism          Conj/Hex       ###.......   12%         4    None
 Sticky Flame             Conj/Fire      ####....     12%         4    None
 Cause Fear               Hex            ###.......   34%         4    None
 Olgreb's Toxic Radiance  Pois           ###.....     34%         4    None
 Summon Ice Beast         Ice/Summ       ###.....     34%         4    None
 Lee's Rapid Deconstruct  Erth           ######....   1%          5    ###....
 Summon Forest            Summ/Tloc      #####.....   1%          5    ###....
 Dispersal                Tloc           ######....   1%          6    #####..
 Excruciating Wounds      Chrm/Necr      #####.....   2%          5    ###....
 Iron Shot                Conj/Erth      ######....   2%          6    #####..
 Agony                    Necr           #####...     3%          5    ###....
 Dispel Undead            Necr           #####...     3%          5    ###....
 Lightning Bolt           Conj/Air       #####.....   3%          5    ###....
 Disjunction              Tloc           ######....   6%          8    #######
 Bolt of Draining         Conj/Necr      ####......   7%          5    ###....
 Silence                  Hex/Air        ####......   9%          5    ###....
 Hydra Form               Tmut           #####.....   9%          6    #####..
 Alistair's Intoxication  Tmut/Pois      ####....     12%         5    ###....
 Yara's Violent Unravell  Hex/Tmut       ####......   12%         5    ###....
 Death Channel            Necr           #####.....   21%         6    #####..
 Fireball                 Conj/Fire      ####......   34%         5    ###....
 Venom Bolt               Conj/Pois      ###.......   34%         5    ###....
 Dragon Form              Tmut           #####.....   43%         7    ######.
 Malign Gateway           Summ/Tloc      #####.....   43%         7    ######.
 Simulacrum               Ice/Necr       ####......   71%         6    #####..
 Lehudib's Crystal Spear  Conj/Erth      ######....   75%         8    #######
 Bolt of Fire             Conj/Fire      ####......   88%         6    #####..
 Poison Arrow             Conj/Pois      ###.......   88%         6    #####..
 Ring of Flames           Chrm/Fire      #####.....   98%         7    ######.
 Darkness                 Hex            ###.......   99%         6    #####..
 Invisibility             Hex            ###.....     99%         6    #####..
 Shadow Creatures         Summ           N/A          99%         6    #####..
 Monstrous Menagerie      Summ           ###.......   100%        7    ######.
 Summon Greater Demon     Summ           ###.......   100%        7    ######.
 Summon Hydra             Summ           ###.......   100%        7    ######.
 Chain Lightning          Conj/Air       #####.....   100%        8    #######
 Discord                  Hex            ###.......   100%        8    #######
 Ignition                 Fire           ###.......   100%        8    #######
 Infestation              Necr           #####.....   100%        8    #######
 Summon Horrible Things   Summ           ###.......   100%        8    #######
 Dragon's Call            Summ           ###.......   100%        9    #######
 Fire Storm               Conj/Fire      ####......   100%        9    #######
 Glaciate                 Conj/Ice       ###.......   100%        9    #######
 Tornado                  Air            ######....   100%        9    #######


Dungeon Overview and Level Annotations

Branches:
Dungeon (15/15)            Temple (0/1) D:6            Lair (6/6) D:11
  Swamp (4/4) Lair:4       Spider (4/4) Lair:3        Slime (5/5) Lair:6
    Orc (2/2) D:10            Elf (3/3) Orc:2        Vaults (5/5) D:14
  Crypt (3/3) Vaults:3       Tomb (3/3) Crypt:3      Depths (5/5) D:15
   Hell (1/1)                 Dis (7/7) Hell            Geh (7/7) Hell
    Coc (7/7) Hell            Tar (7/7) Hell            Zot (5/5) Depths:5

Altars:
Ashenzari
Dithmenos
Elyvilon
Gozag
Kikubaaqudgha
Okawaru
Qazlal
Sif Muna
Trog
Uskayaw
Vehumet
Yredelemnul
Jiyva

Shops:
D:5 :   D:10 [   D:11 ?   Orc:2 (!:!   Elf:2 !   Elf:3 ((   Vaults:4 (
Vaults:5 (   Depths:2 [   Depths:4 ?

Portals:
Hell: Depths:1 Depths:2 Depths:3 Depths:4 Depths:5
Abyss: Depths:4
Pandemonium: Depths:3 Depths:4
Ziggurat: Depths:2

Annotations:
Lair:1 3 runed translucent doors, exclusion: oklob plant, loom's ghost, journeyman VSEn
Elf:2 exclusion: 3 doors
Crypt:1 3 runed translucent doors, Qiseu's ghost, legendary HuNe
Coc:7 exclusion: 2 ice statues


Innate Abilities, Weirdness & Mutations

You cannot wear most types of armour.
You are very stealthy in the water. (Stealth+)
You are amphibious.
You can wear up to eight rings at the same time.
You can use your tentacles to constrict eight enemies at once.
Your skin changes colour to match your surroundings (Stealth+).
Your rubbery body absorbs attacks. (AC +1, EV +1)
You are partially covered in icy blue scales. (AC +2)
Your flesh is cold resistant. (rC+)
You are dopey. (Int -2)
Your flesh is heat resistant. (rF+)
You are somewhat resistant to further mutation.
Potions are less effective at restoring your health.


Message History

The ice devil is severely wounded.
You constrict the ice devil, but do no damage.
You hit the ice devil. You squeeze the ice devil!
You kill the ice devil!
You can now pass through a line of other dancers.
(D) Dungeon (T) Temple (L) Lair (S) Swamp (N) Spider Nest (M) Slime Pits (O) Orcish Mines (E) Elven Halls (V) Vaults (C) Crypt (W) Tomb (U) Depths (H) Hell (I) Dis (G) Gehenna (X) Cocytus (Y) Tartarus (Z) Zot
Where to? (Enter - D:1 @ (x,y), ? - help)
You can no longer pass through a line of other dancers.
There is a stone staircase leading up here.
You climb upwards.
There is a stone staircase leading down here.
There is an open door here.
There is an open door here.
There is an open door here.
There is a staircase leading out of the dungeon here.
You have escaped!

....##...................)......#
...####.##..#########..#........#
....# #.#..##.......##..#########
....###...##.#######.##..# #####
.........##.##.....##.##.####....
.........#.##.#####.##.#.........
.....)...#.#.##.#.##.#.#.####....
.........#.#.#.###.#.#.#.# #....
.......#.#.#.#.#@#.#.###.# ##...
######.#.#.#.'.#'#.###.#.# #...
#.#.#.#.##...##.#.#.# #...
##.#.#.##.#####.##.#.## ##..
#..#.##.##......#.##..# ##..
#.##..##.#######.##...# #...
#......##.(.....##....# #...
#..#....##'######..#.#####...
###.....#......................


There were no monsters in sight!

Vanquished Creatures
  Cerebov (Pan)
  Antaeus (Coc:7)
  the Royal Jelly (Slime:5)
  Asmodeus (Geh:7)
  Gloorx Vloq (Pan)
  Ereshkigal (Tar:7)
  Lom Lobon (Pan)
  Mnoleg (Pan)
  Khufu (Crypt:1)
  Dispater (Dis:7)
  3 orbs of fire
  2 pandemonium lords (Pan)
  5 ancient liches
  31 greater mummies
  7 Killer Klowns (Zot:5)
  the Lernaean hydra (Swamp:4)
  4 shard shrikes
  2 curse toes
  Xtahua (Vaults:2)
  Geryon (Hell)
  A profane servitor (Crypt:3)
  13 golden dragons
  Arachne (Spider:3)
  8 bone dragons
  7 doom hounds
  3 electric golems
  11 Brimstone Fiends
  21 Tzitzimimeh
  6 iron giants
  14 Hell Sentinels (Dis:7)
  25 Orb Guardians
  22 tentacled monstrosities
  2 Ice Fiends
  The ghost of Titud the Ninja, an adept SpEn of Wu Jian (Elf:1)
  Jorgrun (Swamp:1)
  13 liches
  13 quicksilver dragons
  7 deep elf blademasters
  12 acid blobs
  4 deep elf master archers
  18 Executioners
  10 sphinxes
  5 death cobs
  A tentacled starspawn (Abyss:1)
  2 eldritch tentacles
  Frances (Swamp:1)
  3 thorn hunters
  A storm dragon (shapeshifter) (Vaults:5)
  7 ancient champions
  Murray (Hell)
  Kirke (D:12)
  Agnes (Spider:3)
  13 shadow dragons
  4 revenants (Tomb:1)
  9 azure jellies
  5 draconian monks
  Roxanne (D:14)
  Donald (Spider:3)
  3 draconian knights
  The ghost of Otum the Severer, a journeyman MiGl of Okawaru (Swamp:3)
  9 tengu reavers
  14 storm dragons
  9 fire giants
  7 deep elf sorcerers (Elf:3)
  7 draconian scorchers
  10 frost giants
  A blood saint (Pan)
  7 vault wardens
  4 emperor scorpions (Spider:4)
  4 imperial myrmidons (Desolation)
  15 balrugs
  3 corrupters (Pan)
  8 iron dragons
  5 draconian shifters
  4 curse skulls
  11 cacodemons
  2 ghost moths (Spider:4)
  2 warmongers (Pan)
  Louise (Spider:4)
  A deep elf elementalist (Elf:3)
  A draconian stormcaller (Zot:2)
  10 ironheart preservers
  9 draconian annihilators
  36 reapers
  9 ghouls (Crypt:3)
  An angel (Abyss:3)
  20 war gargoyles
  23 very ugly things
  A caustic shrike skeleton (Crypt:2)
  2 elemental wellsprings
  12 bennus
  22 stone giants
  4 entropy weavers
  2 deep elf demonologists
  12 green draconians
  15 purple draconians
  7 vampire knights
  A dire elephant (Lair:6)
  2 black suns (Pan)
  9 lorocyprocas
  10 deep elf annihilators
  A starcursed mass (Abyss:1)
  Azrael (D:14)
  7 black draconians
  11 white draconians
  9 yellow draconians
  Snorg (Lair:4)
  The ghost of iamserjio the Slicer, a journeyman OpCK of Uskayaw (Lair:4)
  17 spark wasps
  22 mummy priests
  A merfolk javelineer (Depths:3)
  9 eidola
  5 red draconians
  7 deep elf death magi
  7 green deaths
  9 blizzard demons
  Josephine (Swamp:1)
  2 crystal guardians (Desolation)
  2 merfolk impalers
  4 quicksilver dragon zombies
  A fire dragon (shapeshifter) (Vaults:5)
  14 ettins
  10 jiangshi
  3 quicksilver dragon skeletons
  12 yaktaur captains
  9 fire dragons
  A monstrous demonspawn (Pan)
  9 ragged hierophants (Desolation)
  24 hydras
  9 death oozes (Slime:5)
  13 great orbs of eyes
  2 deep elf high priests (Elf:3)
  A kraken zombie (Coc:7)
  17 ice dragons
  A hell beast (Depths:1)
  A spriggan air mage (Depths:4)
  A naga warrior (Abyss:3)
  4 rakshasas
  8 servants of whispers (Desolation)
  4 ghost crabs
  32 vault guards
  2 shambling mangroves
  3 peacekeepers (Desolation)
  6 death knights
  4 catoblepae
  10 centaur warriors
  8 deep troll shamans
  5 alligators
  Erica (D:8)
  31 two-headed ogres
  53 death scarabs
  14 ogre magi
  13 dancing weapons
  4 tengu warriors
  8 vampire magi
  11 death yaks
  3 hell hogs (Geh:6)
  5 deep troll earth magi
  3 spriggan berserkers
  A titan zombie (Coc:5)
  17 soul eaters
  Sonja (Lair:1)
  Urug (Orc:2)
  4 holy swine (Pan)
  14 iron golems
  2 storm dragon zombies
  12 deep elf knights
  Nergalle (D:11)
  2 golden dragon zombies
  16 hell knights
  13 iron trolls
  2 titan skeletons
  24 sun demons
  63 skeletal warriors
  2 ghost moth zombies (Geh:7)
  6 shadow wraiths
  23 deep trolls
  4 storm dragon skeletons
  A wretched star (Abyss:3)
  11 flayed ghosts
  An entropy weaver zombie (Crypt:2)
  11 sixfirhies
  A torturous demonspawn (Pan)
  11 unseen horrors
  10 anaconda zombies
  4 glowing orange brains
  6 infernal demonspawn (Pan)
  4 shadow demons
  A kraken simulacrum (Hell)
  3 gelid demonspawn (Pan)
  14 swamp dragons (Swamp:4)
  2 spriggan druids
  2 swamp dragons (shapeshifter) (Vaults:5)
  13 wizards
  17 deep elf archers
  2 golden dragon skeletons
  3 wolf spider zombies
  A tengu zombie (Vaults:3)
  2 harpies (shapeshifter)
  17 orc knights
  An obsidian statue (Depths:1)
  10 ironbrand convokers
  8 necromancers
  23 orb spiders
  4 lindwurms (Lair:3)
  29 wolf spiders
  3 fire giant zombies
  A harpy (D:14)
  30 phantasmal warriors
  4 anaconda skeletons
  48 deep elf magi
  3 shadow dragon skeletons
  3 stone giant zombies
  4 orc sorcerers
  4 oklob plants (Lair:3)
  27 moths of wrath
  A salamander (shapeshifter) (Depths:4)
  6 shining eyes
  41 ugly things
  2 dire elephant zombies
  2 manticores (shapeshifter)
  8 frost giant zombies
  A manticore (D:15)
  7 elephants
  Maurice (D:8)
  8 cyclopes
  An elephant (shapeshifter) (Depths:5)
  A black mamba (shapeshifter) (Vaults:2)
  27 rust devils
  5 fire giant skeletons
  8 guardian serpents
  28 smoke demons
  An ice statue (Coc:7)
  4 frost giant skeletons
  An eye of devastation (Slime:5)
  3 stone giant skeletons
  4 iron dragon skeletons
  A spiny frog (shapeshifter) (Depths:1)
  15 spiny frogs
  2 gargoyles
  3 black mambas
  A storm dragon simulacrum (Coc:7)
  10 molten gargoyles
  20 hellions
  13 orange demons
  10 vault sentinels
  2 minotaur zombies (Gauntlet)
  4 centaur skeletons
  5 human zombies
  A pale draconian zombie (Crypt:1)
  3 emperor scorpion zombies
  A purple draconian zombie (Crypt:1)
  3 efreet
  20 demonic crawlers
  An anaconda simulacrum (Coc:7)
  4 dire elephant skeletons
  25 freezing wraiths
  51 yaktaurs
  31 ice devils
  12 hydra zombies
  3 kobold demonologists
  9 komodo dragons
  37 tormentors
  4 tengu conjurers
  A spriggan skeleton (D:15)
  A sea snake zombie (Crypt:1)
  A catoblepas skeleton (Tar:6)
  34 guardian mummies
  3 harpy zombies
  11 hellwings
  3 meliai (D:14)
  A troll (shapeshifter) (Vaults:2)
  6 human skeletons
  6 tyrant leeches
  20 red devils
  5 trolls
  22 hornets
  5 polar bears
  A polar bear (shapeshifter) (Vaults:4)
  A tengu simulacrum (Vaults:3)
  37 jumping spiders
  Grinder (D:6)
  A blink frog (shapeshifter) (Depths:1)
  4 harpy skeletons
  5 raiju (Abyss:3)
  46 saltlings (Desolation)
  28 blink frogs
  2 ettin zombies
  Prince Ribbit (D:6)
  6 hydra skeletons
  5 bog bodies
  125 slime creatures
  19 hippogriffs
  3 alligator zombies
  A hippogriff (shapeshifter) (Vaults:1)
  12 dream sheep
  A stone giant simulacrum (Coc:3)
  8 fire dragon zombies
  5 ice dragon zombies
  8 spriggans
  49 flying skulls
  A centaur simulacrum (D:15)
  An orc simulacrum (Vaults:2)
  14 water elementals
  Sigmund (D:3)
  83 redbacks
  20 shadows
  23 tarantellas
  6 alligator skeletons
  A redback (shapeshifter) (Depths:1)
  A spriggan (shapeshifter) (Vaults:3)
  2 air elementals
  2 black mamba zombies
  8 fire elementals
  25 wraiths
  A vampire (D:13)
  3 fire dragon skeletons
  2 ice dragon skeletons
  5 wyverns
  20 ushabtiu
  A fire bat (Gauntlet)
  9 ynoxinuls
  A wind drake zombie (Crypt:1)
  A basilisk (shapeshifter) (Elf:2)
  24 large abominations
  Grum (D:10)
  6 ettin skeletons
  2 tarantellas (shapeshifter) (Vaults:2)
  53 yaks
  A yak (shapeshifter) (Vaults:1)
  3 hungry ghosts
  A golden eye (shapeshifter) (D:14)
  2 humans (D:9)
  5 basilisks
  14 neqoxecs
  2 hogs (D:12)
  30 vampire mosquitoes
  2 steam dragons (D:11)
  2 golden eyes
  4 chaos spawn
  9 wargs
  4 human simulacra
  A spatial vortex (Dis:4)
  3 yaktaur simulacra
  20 swamp worms
  A wind drake skeleton (Crypt:2)
  2 soldier ants
  5 insubstantial wisps (Swamp:3)
  Edmund (D:5)
  4 acid dragons
  16 water moccasins
  A hydra simulacrum (Coc:1)
  30 hell hounds
  A floating eye (shapeshifter) (Vaults:5)
  7 spiny frog zombies
  14 porcupines
  49 orc warriors
  A hornet zombie (Ossuary)
  6 spiny frog skeletons
  A meliai simulacrum (Gauntlet)
  An elephant zombie (Crypt:1)
  A snapping turtle zombie (Dis:7)
  2 ettin simulacra
  14 swamp drakes
  3 manticore zombies
  13 ice beasts
  9 phantoms
  6 sky beasts
  A black bear (shapeshifter) (Vaults:1)
  3 black bears
  An eye of draining (D:15)
  25 necrophages
  A black mamba simulacrum (Tomb:1)
  An alligator simulacrum (Coc:1)
  12 wolves
  11 boggarts
  28 centaurs
  40 ogres
  A swamp dragon skeleton (Dis:4)
  19 crocodiles
  A snapping turtle skeleton (Coc:1)
  Blork the orc (D:5)
  8 big kobolds
  14 bullfrogs
  An elf zombie (Geh:7)
  2 earth elementals
  A spiny frog simulacrum (Coc:5)
  4 scorpions
  10 wyvern skeletons (Crypt:3)
  A hornet simulacrum (Gauntlet)
  A cyclops skeleton (Crypt:2)
  A troll zombie (Tar:6)
  2 water moccasin skeletons
  4 killer bees (D:13)
  37 wights
  10 howler monkeys
  An electric eel (D:13)
  A yak skeleton (Crypt:1)
  5 centaur zombies
  9 crimson imps
  4 bullfrog zombies
  A quasit (Abyss:1)
  Crazy Yiuf (D:3)
  18 orc priests
  10 hounds
  9 jellies
  21 orc wizards
  2 bullfrog skeletons
  46 iron imps
  4 iguanas
  4 hell rats (Hell)
  Natasha (thrice) (D:2)
  11 worker ants
  A big kobold zombie (Crypt:2)
  A bullfrog simulacrum (Gauntlet)
  A deep dwarf zombie (Crypt:1)
  A naga zombie (Coc:6)
  A naga skeleton (Pan)
  39 mummies
  3 hound zombies (Ossuary)
  5 worker ant zombies
  A howler monkey skeleton (D:7)
  12 adders
  10 shadow imps
  18 white imps
  An ooze (D:6)
  4 adder zombies (Ossuary)
  A lava snake zombie (Crypt:1)
  3 worms
  A dart slug (D:3)
  6 leopard geckos
  91 orcs
  3 ball pythons
  3 giant cockroaches
  4 goblins
  6 hobgoblins
  6 jackals
  7 kobolds
  4 quokkas
  A ball python skeleton (Crypt:2)
  11 bats
  A frilled lizard (D:4)
  A frilled lizard zombie (Crypt:2)
  A giant cockroach zombie (Ossuary)
  A goblin zombie (D:4)
  A jackal zombie (Ossuary)
  3 leopard gecko zombies (Ossuary)
  2 quokka zombies
  6 rats
  2 briar patches (Swamp:2)
  A fire vortex (Geh:7)
  A starspawn tentacle (Abyss:1)
  2 tentacles
  A withered plant (D:15)
3902 creatures vanquished.

Vanquished Creatures (collateral kills)
  A ghost moth (Spider:4)
  A minotaur (Gauntlet)
  A shining eye (Slime:4)
  A saltling (Desolation)
  A large abomination (Abyss:3)
  A big kobold (Abyss:3)
6 creatures vanquished.

Vanquished Creatures (others)
  2 elemental wellsprings (Coc:7)
  A yaktaur captain (Vaults:5)
  An ice dragon (Coc:1)
  2 wizards (Pan)
  6 yaktaurs
  2 hydra zombies
  A hellwing (Pan)
  A catoblepas skeleton (Geh:7)
  A raiju (Abyss:3)
  A saltling (Desolation)
  3 flying skulls
  A shadow (Tar:7)
  2 water elementals
  A warg (Vaults:5)
  2 hell hounds
  4 orc warriors (Orc:2)
  A snapping turtle zombie (Coc:7)
  A hornet zombie (D:14)
  An orc wizard (Orc:2)
  An iron imp (Dis:7)
  2 white imps
  An ufetubus (Abyss:3)
  11 ball lightnings (Pan)
  4 orcs (Orc:2)
  2 blocks of ice (Pan)
  3 briar patches (Swamp:2)
  2 fungi (Lair:4)
  7 plants
  A starspawn tentacle (Abyss:1)
  10 tentacles
  3 withered plants
81 creatures vanquished.

Grand Total: 3989 creatures vanquished

Notes
Turn   | Place    | Note
-------+----------+-------------------------------------------
     0 | D:1      | EnegeticOcto the Octopode Fighter began the quest for the
                  | Orb.
     0 | D:1      | Reached XP level 1. HP: 16/16 MP: 1/1
   215 | D:1      | Reached skill level 1 in Stealth
   215 | D:1      | Reached XP level 2. HP: 21/21 MP: 2/2
   743 | D:1      | You fall through a shaft!
   743 | D:2      | Found a stormy altar of Qazlal.
   744 | D:2      | Noticed Natasha
   753 | D:2      | Noticed a crimson imp
   753 | D:2      | Killed Natasha
   753 | D:2      | Reached XP level 3. HP: 25/26 MP: 3/3
   769 | D:2      | Noticed Natasha
   777 | D:2      | Killed Natasha
   777 | D:2      | Reached XP level 4. HP: 11/31 MP: 4/4
  1480 | D:2      | Noticed Natasha
  1504 | D:2      | Killed Natasha
  1666 | D:2      | Reached XP level 5. HP: 37/37 MP: 5/5
  1932 | D:2      | Found a white marble altar of Elyvilon.
  2144 | D:3      | Found a stormy altar of Qazlal.
  2161 | D:3      | Noticed Sigmund
  2169 | D:3      | Killed Sigmund
  2169 | D:3      | Reached XP level 6. HP: 38/44 MP: 6/6
  2510 | D:3      | Found an ancient bone altar of Kikubaaqudgha.
  2572 | D:3      | Found a bloodstained altar of Trog.
  2711 | D:3      | Found a runed translucent door.
  2712 | D:3      | Noticed Crazy Yiuf
  2795 | D:3      | Killed Crazy Yiuf
  2950 | D:4      | Found a hide-covered altar of Uskayaw.
  2953 | D:4      | Became a worshipper of Uskayaw the Reveler
  2963 | D:4      | Reached * piety under Uskayaw
  2965 | D:4      | Reached ** piety under Uskayaw
  3136 | D:4      | Reached XP level 7. HP: 49/49 MP: 7/7
  3206 | D:4      | Found a sand-covered staircase.
  3213 | Ossuary  | Entered an ossuary
  3314 | Ossuary  | Reached *** piety under Uskayaw
  3315 | Ossuary  | Reached skill level 5 in Stealth
  3398 | Ossuary  | Reached **** piety under Uskayaw
  3403 | Ossuary  | Reached skill level 5 in Fighting
  3480 | Ossuary  | Reached skill level 5 in Shields
  3668 | Ossuary  | Reached XP level 8. HP: 32/55 MP: 8/8
  4124 | D:4      | Reached skill level 5 in Short Blades
  4259 | D:5      | Entered Level 5 of the Dungeon
  4337 | D:5      | Noticed Edmund
  4355 | D:5      | Killed Edmund
  4745 | D:5      | Noticed Blork the orc
  4747 | D:5      | Killed Blork the orc
  4892 | D:5      | Found Koeheut's Book Boutique.
  5150 | D:6      | Found a staircase to the Ecumenical Temple.
  5172 | D:6      | Reached XP level 9. HP: 63/63 MP: 9/9
  5631 | D:6      | Noticed Grinder
  5636 | D:6      | Noticed Prince Ribbit
  5651 | D:6      | Killed Prince Ribbit
  5871 | D:6      | Killed Grinder
  6154 | D:6      | Found a radiant altar of Vehumet.
  6432 | D:7      | Found an opulent altar of Gozag.
  6616 | D:7      | Found a deep blue altar of Sif Muna.
  6786 | D:7      | Found a shattered altar of Ashenzari.
  7004 | D:8      | Reached XP level 10. HP: 71/71 MP: 10/10
  7056 | D:8      | Noticed Maurice
  7068 | D:8      | Killed Maurice
  7068 | D:8      | Reached skill level 10 in Stealth
  7112 | D:8      | Noticed Erica
  7364 | D:8      | Found a basalt altar of Yredelemnul.
  7380 | D:8      | Killed Erica
  7873 | D:9      | Found an iron altar of Okawaru.
  8390 | D:9      | Reached skill level 1 in Invocations
  8408 | D:9      | Noticed a two-headed ogre
  8416 | D:9      | Noticed a two-headed ogre
  8430 | D:9      | Killed a two-headed ogre
  8430 | D:9      | Reached XP level 11. HP: 34/78 MP: 7/12
  8447 | D:9      | Killed a two-headed ogre
  9331 | D:9      | Found a shadowy altar of Dithmenos.
  9363 | D:10     | Entered Level 10 of the Dungeon
  9380 | D:10     | Found Qipy's Antique Armour Emporium.
  9923 | D:10     | Found a staircase to the Orcish Mines.
 10136 | D:10     | Noticed Grum
 10151 | D:10     | Killed Grum
 10587 | D:10     | Reached ***** piety under Uskayaw
 11134 | D:11     | Noticed a cyclops
 11208 | D:11     | Found Ziagid's Magic Scroll Emporium.
 11223 | D:11     | Killed a cyclops
 11242 | D:11     | Bought a scroll of teleportation for 42 gold pieces
 11271 | D:11     | Noticed a death yak
 11272 | D:11     | Noticed a death yak
 11272 | D:11     | Noticed a death yak
 11274 | D:11     | Noticed a death yak
 11275 | D:11     | Noticed a death yak
 11278 | D:11     | Noticed a red ugly thing
 11287 | D:11     | Noticed a purple ugly thing
 11288 | D:11     | Noticed a cyclops
 11624 | D:10     | Killed a death yak
 11940 | D:10     | Killed a purple ugly thing
 11940 | D:10     | Reached XP level 12. HP: 58/87 MP: 15/15
 12102 | D:11     | Reached skill level 5 in Invocations
 12349 | D:10     | Killed a death yak
 12631 | D:10     | Killed a death yak
 12631 | D:10     | Reached skill level 10 in Fighting
 12631 | D:10     | Reached skill level 10 in Shields
 12632 | D:10     | Killed a death yak
 12973 | D:10     | Killed a death yak
 13323 | D:11     | Noticed Nergalle
 13350 | D:11     | Found a bloodstained altar of Trog.
 13360 | D:11     | Found a staircase to the Lair.
 13745 | D:11     | Reached skill level 10 in Short Blades
 14275 | D:11     | Killed Nergalle
 14290 | Lair:1   | Entered Level 1 of the Lair of Beasts
 14304 | Lair:1   | Noticed a seven-headed hydra
 14312 | Lair:1   | Killed a seven-headed hydra
 14402 | Lair:1   | Noticed Sonja
 14426 | Lair:1   | Killed Sonja
 15000 | Lair:1   | Found a runed translucent gate.
 15000 | Lair:1   | Found a runed translucent gate.
 15000 | Lair:1   | Found a runed translucent gate.
 15047 | Lair:1   | Noticed loom's ghost (journeyman VSEn)
 15439 | Lair:2   | Reached XP level 13. HP: 94/94 MP: 18/18
 16642 | Lair:3   | Found a gate leading to a gauntlet.
 16656 | Gauntlet | Entered a Gauntlet
 16656 | Gauntlet | Found a transporter.
 16663 | Gauntlet | Found a transporter.
 16665 | Gauntlet | Found a transporter.
 16676 | Gauntlet | Found a transporter.
 16680 | Gauntlet | Found a runed translucent door.
 16682 | Gauntlet | Found a runed translucent door.
 16684 | Gauntlet | Found a transporter.
 16703 | Gauntlet | Found a runed translucent door.
 16707 | Gauntlet | Found a transporter.
 16716 | Gauntlet | Found a transporter.
 16726 | Gauntlet | Found a transporter.
 16748 | Gauntlet | Found a transporter.
 16761 | Gauntlet | Found a transporter.
 16762 | Gauntlet | Found a transporter.
 16762 | Gauntlet | Noticed a death ooze
 16826 | Gauntlet | Found a transporter.
 16829 | Gauntlet | Found a transporter.
 16830 | Gauntlet | Noticed a reaper
 16836 | Gauntlet | Found a transporter.
 16946 | Gauntlet | Got a pitted bone ring
 16947 | Gauntlet | Identified the ring "Zohos" {Fire MR+ Stlth+} (You found it
                  | in a Gauntlet)
 17150 | Gauntlet | Identified the +7 rapier of Runye {elec, +Inv Dex+2}
 17150 | Gauntlet | Noticed a minotaur
 17154 | Gauntlet | Killed a minotaur
 17181 | Gauntlet | Identified the Volume of Nocuous Evil Rituals
 17464 | Lair:3   | Found a hole to the Spider Nest.
 17475 | Lair:3   | Reached skill level 1 in Evocations
 17970 | Lair:3   | Identified Easy Spellcraft
 17974 | Lair:3   | Learned a level 1 spell: Apportation
 17976 | Lair:3   | Learned a level 1 spell: Confusing Touch
 17979 | Lair:3   | Learned a level 2 spell: Blink
 18239 | Lair:3   | Reached skill level 15 in Stealth
 19403 | Lair:4   | Found a runed translucent door.
 19403 | Lair:4   | Noticed iamserjio's ghost (journeyman OpCK)
 19437 | Lair:4   | Reached skill level 1 in Translocations
 19456 | Lair:4   | Killed iamserjio's ghost
 19570 | Lair:4   | Reached XP level 14. HP: 102/102 MP: 20/20
 19758 | Lair:4   | You fall through a shaft for 2 floors!
 19758 | Lair:6   | Entered Level 6 of the Lair of Beasts
 20169 | Lair:4   | Noticed Snorg
 20176 | Lair:4   | Killed Snorg
 20200 | Lair:4   | Reached ****** piety under Uskayaw
 20277 | Lair:4   | Found a staircase to the Swamp.
 21176 | Lair:6   | Found a staircase to the Slime Pits.
 21177 | Lair:6   | Found a viscous altar of Jiyva.
 21205 | Lair:6   | Reached skill level 5 in Evocations
 21747 | Lair:6   | Reached skill level 5 in Dodging
 21760 | Lair:6   | Noticed a dire elephant
 21769 | Lair:6   | Reached XP level 15. HP: 79/109 MP: 21/21
 22288 | Orc:1    | Entered Level 1 of the Orcish Mines
 22628 | Orc:2    | Entered Level 2 of the Orcish Mines
 22628 | Orc:2    | Noticed Urug
 22631 | Orc:2    | Killed Urug
 22816 | Orc:1    | Gained mutation: You are weak. (Str -2) [mutagenic glow]
 23025 | Orc:2    | Found Zoulozum's Antique Weapon Shop.
 23026 | Orc:2    | Found Ihorath's Book Emporium.
 23026 | Orc:2    | Found Mavuras's Distillery.
 23033 | Orc:2    | Found Extot's Distillery.
 23056 | Orc:2    | Bought a potion of berserk rage for 75 gold pieces
 23390 | Orc:2    | Found a staircase to the Elven Halls.
 24099 | D:12     | Found a white marble altar of Elyvilon.
 24106 | D:12     | Reached skill level 1 in Spellcasting
 24137 | D:12     | Noticed Kirke
 24143 | D:12     | Killed Kirke
 24868 | D:13     | HP: 5/109 [electric eel/bolt of electricity (13)]
 25061 | D:13     | Learned a level 3 spell: Lesser Beckoning
 25064 | D:13     | Learned a level 2 spell: Shroud of Golubria
 25067 | D:13     | Learned a level 2 spell: Song of Slaying
 25071 | D:13     | Learned a level 3 spell: Regeneration
 25076 | D:13     | Learned a level 4 spell: Passage of Golubria
 25257 | D:13     | Identified a scroll of acquirement
 25269 | D:13     | Got a shimmering dagger
 25270 | D:13     | Identified the cursed +1 dagger "Nugg" {venom, rC+} (You
                  | found it on level 13 of the Dungeon)
 25579 | D:14     | Noticed Roxanne
 26006 | D:14     | Noticed Azrael
 26012 | D:14     | Reached XP level 16. HP: 104/117 MP: 15/22
 26028 | D:14     | Killed Azrael
 26203 | D:14     | Noticed a sphinx
 26214 | D:14     | Killed a sphinx
 26281 | D:14     | Found the +8 glaive of the Guard {elec, +Rage AC+5 SInv}
 26910 | D:14     | Found a gate to the Vaults.
 27169 | D:14     | Killed Roxanne
 27204 | D:15     | Entered Level 15 of the Dungeon
 27344 | Spider:1 | Entered Level 1 of the Spider Nest
 27859 | Spider:1 | Learned a level 6 spell: Statue Form
 28018 | Spider:2 | Reached skill level 1 in Transmutations
 28098 | Spider:2 | Reached skill level 1 in Earth Magic
 28262 | Spider:2 | Reached XP level 17. HP: 23/124 MP: 24/24
 29018 | Spider:3 | Reached skill level 5 in Spellcasting
 29079 | Spider:3 | Noticed Donald
 29094 | Spider:3 | Killed Donald
 29263 | Spider:3 | Noticed Agnes
 29276 | Spider:3 | Killed Agnes
 29661 | Spider:3 | Noticed Arachne
 29671 | Spider:3 | Killed Arachne
 30117 | Spider:4 | Entered Level 4 of the Spider Nest
 31037 | Spider:4 | Noticed Louise
 31087 | Spider:4 | Killed Louise
 31333 | Spider:4 | Reached XP level 18. HP: 132/132 MP: 24/27
 31341 | Spider:4 | Reached skill level 5 in Transmutations
 31527 | Spider:4 | Got a gossamer rune of Zot
 32380 | D:8      | Reached skill level 5 in Earth Magic
 32554 | Swamp:1  | Entered Level 1 of the Swamp
 32673 | Swamp:1  | Noticed Jorgrun
 32676 | Swamp:1  | Killed Jorgrun
 32723 | Swamp:1  | Noticed Josephine
 32747 | Swamp:1  | Killed Josephine
 32807 | Swamp:1  | Learned a level 2 spell: Passwall
 32810 | Swamp:1  | Learned a level 2 spell: Swiftness
 33023 | Swamp:1  | Noticed Frances
 33030 | Swamp:1  | Killed Frances
 33388 | Swamp:2  | Reached skill level 10 in Dodging
 34543 | Swamp:3  | Found a runed translucent gate.
 34544 | Swamp:3  | Found a runed translucent gate.
 34545 | Swamp:3  | Found a runed translucent gate.
 34546 | Swamp:3  | Noticed Otum's ghost (journeyman MiGl)
 35086 | Swamp:3  | Killed Otum's ghost
 35198 | Swamp:4  | Entered Level 4 of the Swamp
 35785 | Swamp:4  | Noticed the 27-headed Lernaean hydra
 36147 | Swamp:4  | Reached XP level 19. HP: 117/138 MP: 28/28
 36288 | Swamp:4  | Reached skill level 15 in Fighting
 36290 | Swamp:4  | Killed the 27-headed Lernaean hydra
 36464 | Swamp:4  | Reached skill level 15 in Shields
 36706 | Swamp:4  | Got a decaying rune of Zot
 37061 | D:15     | Found a staircase to the Depths.
 38042 | Vaults:1 | Entered Level 1 of the Vaults
 38524 | Vaults:1 | Reached skill level 10 in Evocations
 39250 | Vaults:1 | Reached XP level 20. HP: 134/147 MP: 29/29
 39704 | Elf:1    | Entered Level 1 of the Elven Halls
 39777 | Elf:1    | Found a transporter.
 39779 | Elf:1    | Found a transporter.
 39780 | Elf:1    | Identified the +2 rapier of Inconvenience {elec, rN+}
 39791 | Elf:1    | Found a bloodstained altar of Trog.
 39791 | Elf:1    | Identified the +6 longbow "Vadwum" {flame, rC++ MP+9}
 39791 | Elf:1    | Noticed Titud's ghost (adept SpEn)
 39964 | Elf:1    | Reached skill level 10 in Transmutations
 40797 | Elf:1    | Identified the +9 quick blade "Usakkayrph" {freeze, rF+}
 40872 | Elf:1    | Killed Titud's ghost
 40910 | Elf:1    | Identified the ring of Pusegg {rPois rF+ Str-5 Slay+2} (You
                  | found it on level 1 of the Elven Halls)
 41059 | Elf:2    | Found Xepyski's Distillery.
 41075 | Elf:2    | Bought a potion of curing for 48 gold pieces
 41075 | Elf:2    | Bought a potion of heal wounds for 80 gold pieces
 41152 | Orc:2    | Bought 3 potions of heal wounds for 225 gold pieces
 41152 | Orc:2    | Bought a potion of heal wounds for 75 gold pieces
 41152 | Orc:2    | Bought a potion of heal wounds for 75 gold pieces
 41155 | Orc:2    | Bought a potion of heal wounds for 65 gold pieces
 41297 | Elf:2    | Found a runed translucent gate.
 41725 | Elf:2    | Found a runed translucent gate.
 41725 | Elf:2    | Found a runed translucent gate.
 42269 | Vaults:2 | Found a ruined gateway.
 42281 | Desolati | Entered the Desolation of Salt
 42367 | Desolati | Reached skill level 1 in Charms
 42378 | Desolati | Reached skill level 1 in Necromancy
 42435 | Desolati | Got a sparkling zirconium amulet
 42436 | Desolati | Identified the amulet "Ilipig" {Acrobat rN+ Str+2 Dex+4
                  | Slay-4} (You found it in the Desolation of Salt)
 42441 | Desolati | Identified the amulet "Enwua" {Reflect Str+7 SH+2} (You
                  | found it in the Desolation of Salt)
 42530 | Desolati | Learned a level 5 spell: Irradiate
 42618 | Desolati | Identified the Handbook of Spatial Attacks
 42622 | Desolati | Got a steaming ivory ring
 42623 | Desolati | Identified the ring "Gaacarr" {rF+ rC++ Str+2} (You found
                  | it in the Desolation of Salt)
 42932 | Desolati | Identified the Catalogue of Quantum Companions
 42933 | Desolati | Found the cursed necklace of Bloodlust {*Rage +Rage MR++
                  | Int-3 Slay+6 *Curse}
 42976 | Desolati | Reached XP level 21. HP: 155/155 MP: 33/33
 43680 | Vaults:2 | Reached skill level 10 in Earth Magic
 43882 | Vaults:2 | Noticed Xtahua
 43899 | Vaults:2 | Killed Xtahua
 44723 | Vaults:2 | Reached skill level 5 in Translocations
 44802 | Vaults:2 | Lost mutation: You are weak. (Str -2) [potion of mutation]
 44802 | Vaults:2 | Gained mutation: You are weak. (Str -2) [potion of
                  | mutation]
 44802 | Vaults:2 | Gained mutation: You are agile. (Dex +2) [potion of
                  | mutation]
 44803 | Vaults:2 | Lost mutation: You are weak. (Str -2) [potion of mutation]
 44803 | Vaults:2 | Lost mutation: You are agile. (Dex +2) [potion of mutation]
 44803 | Vaults:2 | Gained mutation: Your mind is acute. (Int +2) [potion of
                  | mutation]
 44803 | Vaults:2 | Gained mutation: One of your tentacles bears a spike.
                  | [potion of mutation]
 45381 | Vaults:3 | Found a staircase to the Crypt.
 45381 | Vaults:3 | Found a basalt altar of Yredelemnul.
 45382 | Vaults:3 | Found an ancient bone altar of Kikubaaqudgha.
 45437 | Vaults:3 | Reached skill level 5 in Charms
 45796 | Vaults:3 | Reached skill level 5 in Necromancy
 47029 | Vaults:4 | Reached XP level 22. HP: 164/164 MP: 35/35
 47052 | Vaults:4 | Found Dicaliej's Antique Weapon Shop.
 47289 | Vaults:4 | Bought an ancient rapier for 441 gold pieces
 47289 | Vaults:4 | Bought a jewelled rapier for 441 gold pieces
 47289 | Vaults:4 | Identified the +1 rapier of Conscience {antimagic, Int+5
                  | Stlth-} (You bought it in a shop on level 4 of the Vaults)
 47291 | Vaults:4 | Identified the +6 rapier of Deflation {speed, +Inv rN++
                  | Dex-2 Stlth+} (You bought it in a shop on level 4 of the
                  | Vaults)
 47399 | Depths:1 | Entered Level 1 of the Depths
 47617 | Elf:3    | Entered Level 3 of the Elven Halls
 47632 | Elf:3    | Found Pumith's Weapon Boutique.
 47637 | Elf:3    | Found Quajud's Weapon Shop.
 48315 | Elf:3    | Reached skill level 10 in Spellcasting
 48524 | Elf:3    | Cast into level 3 of the Abyss (a deep elf sorcerer)
 48525 | Abyss:3  | Found a corrupted altar of Lugonu.
 48696 | Abyss:3  | Found a glowing golden altar of the Shining One.
 48833 | Abyss:3  | Found a corrupted altar of Lugonu.
 48947 | Abyss:3  | Got an abyssal rune of Zot
 48955 | Abyss:3  | Reached skill level 10 in Invocations
 48957 | Elf:3    | Escaped the Abyss
 49167 | Elf:3    | Identified the Catalogue of Earth and Ignition
 49186 | Elf:3    | Identified the cursed +0 shield "Laurizadod" {Int+6} (You
                  | found it on level 3 of the Elven Halls)
 49229 | Elf:3    | Identified the Volume of Shifting Sinister Rituals
 49236 | Elf:3    | Identified Sif Muna's Handbook of Curses
 49275 | Elf:3    | Identified the amulet "Emmon" {Acrobat Int-4 Dex+6} (You
                  | found it on level 3 of the Elven Halls)
 49296 | Elf:3    | Identified the ring of the Komtur {rN+ Str+3 Int+6 Dex-4
                  | Stlth+} (You found it on level 3 of the Elven Halls)
 50711 | Depths:1 | Reached skill level 1 in Conjurations
 51039 | Depths:1 | Reached XP level 23. HP: 172/172 MP: 29/37
 51533 | Depths:1 | Found a gateway to Hell.
 52006 | Depths:2 | Noticed a golden dragon
 52022 | Depths:2 | Killed a golden dragon
 52502 | Depths:2 | Reached skill level 5 in Conjurations
 52700 | Depths:2 | Found a gateway to a ziggurat.
 52822 | Depths:2 | Found Gubu's Antique Armour Shop.
 53105 | Depths:3 | Learned a level 5 spell: Borgnjor's Vile Clutch
 53145 | Depths:3 | You fall through a shaft!
 53220 | Depths:4 | Found a one-way gate to the infinite horrors of the Abyss.
 53437 | Depths:3 | Found a one-way gate leading to the halls of Pandemonium.
 53608 | Depths:3 | You fall through a shaft for 2 floors!
 53608 | Depths:5 | Entered Level 5 of the Depths
 53733 | Depths:5 | Noticed a golden dragon
 54116 | Depths:5 | Reached XP level 24. HP: 180/180 MP: 37/37
 54118 | Depths:5 | Found a gate to the Realm of Zot.
 55729 | Depths:4 | Found Wairuq's Magic Scroll Shoppe.
 55738 | Depths:4 | Bought a scroll of teleportation for 60 gold pieces
 57355 | Vaults:5 | Entered Level 5 of the Vaults
 57402 | Vaults:5 | Reached XP level 25. HP: 83/189 MP: 9/37
 57621 | Vaults:5 | Identified the ring "Ejinu" {rCorr MR+++ Str-3 Slay+3}
 57917 | Vaults:5 | Identified the cursed +1 great sword of Conscience {slice,
                  | *Corrode Int+6 Dex+4}
 58039 | Vaults:5 | Identified the cursed +0 shield of the Lute {rF- Int+5
                  | Dex+7}
 58121 | Vaults:5 | Reached skill level 15 in Dodging
 58266 | Vaults:5 | Found Weavun's Weapon Boutique.
 59404 | Vaults:5 | Got a slimy wooden ring
 59473 | Vaults:5 | Identified the ring "Soos" {rElec Str+8 SInv Stlth-} (You
                  | found it on level 5 of the Vaults)
 59544 | Vaults:5 | Got a silver rune of Zot
 59875 | Vaults:5 | Reached XP level 26. HP: 198/198 MP: 38/38
 60211 | Lair:3   | Identified the ring of Toapatim {rCorr *Contam +Fly rF-
                  | Slay+6} (You found it on level 3 of the Lair of Beasts)
 60394 | Slime:1  | Entered Level 1 of the Pits of Slime
 60686 | Slime:4  | Gained mutation: Your body sometimes deteriorates upon
                  | taking damage. [a shining eye]
 60750 | Slime:5  | Entered Level 5 of the Pits of Slime
 60897 | Slime:5  | Noticed the Royal Jelly
 60898 | Slime:5  | Found a viscous altar of Jiyva.
 60903 | Slime:5  | Found the +3 Elemental Staff {rElec rF++ rC++ MR++ AC+5}
 60908 | Slime:5  | Killed the Royal Jelly
 61155 | Slime:5  | Identified the Handbook of Assistive Poisoning
 61243 | Slime:5  | Identified the cursed +0 buckler of Bygaona {MP-9 Str+5
                  | Stlth+} (You found it on level 5 of the Pits of Slime)
 61274 | Slime:5  | Got a slimy rune of Zot
 61755 | Elf:2    | Bought a potion of invisibility for 128 gold pieces
 61755 | Elf:2    | Bought a potion of curing for 48 gold pieces
 61759 | Elf:2    | Learned a level 2 spell: Sublimation of Blood
 61766 | Elf:2    | Learned a level 6 spell: Deflect Missiles
 62013 | Crypt:1  | Entered Level 1 of the Crypt
 62064 | Crypt:1  | Found a runed translucent gate.
 62064 | Crypt:1  | Found a runed translucent gate.
 62069 | Crypt:1  | Found a runed translucent gate.
 62069 | Crypt:1  | Noticed Qiseu's ghost (legendary HuNe)
 62073 | Crypt:1  | Found an iron altar of Okawaru.
 62433 | Crypt:1  | Noticed Khufu
 62446 | Crypt:1  | Killed Khufu
 63626 | Crypt:3  | Entered Level 3 of the Crypt
 63966 | Crypt:3  | Found a staircase to the Tomb.
 64517 | Crypt:3  | Identified Fiziffiy's Catalogue of Darkness
 64617 | Crypt:3  | Reached XP level 27. HP: 206/206 MP: 39/39
 64686 | Crypt:3  | Found a basalt altar of Yredelemnul.
 64897 | Crypt:3  | Identified the +11 broad axe of the Wasp {drain, rElec
                  | Stlth+}
 64897 | Crypt:3  | Identified the ring of Rationality {rElec Int+5}
 65815 | Zot:1    | Entered Level 1 of the Realm of Zot
 66828 | Zot:2    | You fall through a shaft!
 67498 | Zot:3    | Reached skill level 10 in Translocations
 68201 | Zot:3    | Learned a level 1 spell: Summon Butterflies
 68310 | Zot:4    | Reached skill level 15 in Invocations
 68499 | Zot:4    | Reached skill level 27 in Stealth
 69548 | Hell     | Entered the Vestibule of Hell
 69548 | Hell     | Noticed Geryon
 69562 | Hell     | Killed Geryon
 69639 | Hell     | Found a gateway to the decaying netherworld of Tartarus.
 69661 | Hell     | Noticed Murray
 69675 | Hell     | Killed Murray
 69711 | Hell     | Found a gateway to the freezing wastes of Cocytus.
 69815 | Hell     | Found a gateway to the Iron City of Dis.
 70052 | Hell     | Found a gateway to the ashen valley of Gehenna.
 70435 | Pan      | Entered Pandemonium
 70460 | Pan      | Noticed Inobizi the pandemonium lord
 70468 | Pan      | Killed Inobizi the pandemonium lord
 70690 | Pan      | Gained mutation: Your magical capacity is low. (-10% MP) [a
                  | cacodemon]
 70696 | Pan      | Noticed Riasosin the pandemonium lord
 70703 | Pan      | Killed Riasosin the pandemonium lord
 70909 | Pan      | Gained mutation: Scrolls take you a little longer to read.
                  | [a neqoxec]
 70939 | Pan      | Got a demonic rune of Zot
 71425 | Pan      | Gained mutation: Scrolls take you longer to read. [a
                  | cacodemon]
 71729 | Pan      | Entered the realm of Mnoleg.
 71929 | Pan      | Noticed Mnoleg
 71939 | Pan      | Gained mutation: You are clumsy. (Dex -2) [a cacodemon]
 71948 | Pan      | Gained mutation: Scrolls take you much longer to read. [a
                  | neqoxec]
 71949 | Pan      | Gained mutation: Your body often deteriorates upon taking
                  | damage. [a neqoxec]
 71956 | Pan      | Got a glowing rune of Zot
 71963 | Pan      | Gained mutation: Your spells are a little easier to cast,
                  | but a little less powerful. [Mnoleg's mutagenic touch]
 71971 | Pan      | Gained mutation: You are very clumsy. (Dex -4) [Mnoleg's
                  | mutagenic touch]
 71980 | Pan      | Killed Mnoleg
 72046 | Pan      | Noticed Mennas
 72086 | Pan      | Entered the realm of Cerebov.
 72166 | Pan      | Found an exit through the horrors of the Abyss.
 72320 | Pan      | Identified the +6 sword of Cerebov {flame}
 72320 | Pan      | Noticed Cerebov
 72321 | Pan      | Killed Cerebov
 72344 | Pan      | Identified the +8 dagger "Bulisaxt" {freeze, *Corrode
                  | +Blink rC+++ Int+6} (You found it in Pandemonium)
 72411 | Pan      | Identified the Tome of the Lucky Voyage
 72556 | Pan      | Got a fiery rune of Zot
 72583 | Pan      | Entered the realm of Lom Lobon.
 72624 | Pan      | Reached skill level 1 in Air Magic
 72823 | Pan      | Noticed Lom Lobon
 72845 | Pan      | Killed Lom Lobon
 72845 | Pan      | Reached skill level 5 in Air Magic
 72903 | Pan      | Got a magical rune of Zot
 73126 | Pan      | Entered the realm of Gloorx Vloq.
 73126 | Pan      | Found an exit through the horrors of the Abyss.
 73506 | Pan      | Reached skill level 15 in Earth Magic
 73707 | Pan      | Reached skill level 10 in Air Magic
 73734 | Pan      | Got a dark rune of Zot
 73738 | Pan      | Noticed Gloorx Vloq
 73754 | Pan      | Killed Gloorx Vloq
 73909 | Pan      | Took an exit into the Abyss.
 73909 | Abyss:1  | Escaped into the Abyss
 73910 | Abyss:1  | Found an ancient bone altar of Kikubaaqudgha.
 73957 | Depths:4 | Escaped the Abyss
 74224 | Depths:3 | Lost mutation: Your body often deteriorates upon taking
                  | damage. [potion of mutation]
 74224 | Depths:3 | Lost mutation: One of your tentacles bears a spike. [potion
                  | of mutation]
 74224 | Depths:3 | Lost mutation: Scrolls take you much longer to read.
                  | [potion of mutation]
 74224 | Depths:3 | Lost mutation: You are very clumsy. (Dex -4) [potion of
                  | mutation]
 74224 | Depths:3 | Gained mutation: You are somewhat resistant to further
                  | mutation. [potion of mutation]
 74224 | Depths:3 | Gained mutation: Your flesh is heat resistant. (rF+)
                  | [potion of mutation]
 74225 | Depths:3 | Lost mutation: Your body sometimes deteriorates upon taking
                  | damage. [potion of mutation]
 74225 | Depths:3 | Lost mutation: Your mind is acute. (Int +2) [potion of
                  | mutation]
 74225 | Depths:3 | Lost mutation: Scrolls take you longer to read. [potion of
                  | mutation]
 74225 | Depths:3 | Lost mutation: You are clumsy. (Dex -2) [potion of
                  | mutation]
 74226 | Depths:3 | Lost mutation: Your magical capacity is low. (-10% MP)
                  | [potion of mutation]
 74227 | Depths:3 | Lost mutation: Scrolls take you a little longer to read.
                  | [potion of mutation]
 74227 | Depths:3 | Lost mutation: Your spells are a little easier to cast, but
                  | a little less powerful. [potion of mutation]
 74227 | Depths:3 | Gained mutation: Your magical capacity is low. (-10% MP)
                  | [potion of mutation]
 74308 | Tar:1    | Entered Level 1 of Tartarus
 74364 | Tar:2    | You fall through a shaft!
 74732 | Tar:1    | Gained mutation: Potions are less effective at restoring
                  | your health. [mutagenic glow]
 74823 | Hell     | Gained mutation: You do not regenerate when monsters are
                  | visible. [mutagenic glow]
 75151 | Elf:2    | Bought a potion of lignification for 48 gold pieces
 75151 | Elf:2    | Bought a potion of mutation for 128 gold pieces
 75151 | Elf:2    | Lost mutation: You do not regenerate when monsters are
                  | visible. [potion of mutation]
 75151 | Elf:2    | Lost mutation: You are somewhat resistant to further
                  | mutation. [potion of mutation]
 75151 | Elf:2    | Lost mutation: Your magical capacity is low. (-10% MP)
                  | [potion of mutation]
 75151 | Elf:2    | Gained mutation: You are partially covered in icy blue
                  | scales. (AC +2) [potion of mutation]
 75151 | Elf:2    | Gained mutation: Your flesh is cold resistant. (rC+)
                  | [potion of mutation]
 75151 | Elf:2    | Gained mutation: You are somewhat resistant to further
                  | mutation. [potion of mutation]
 76180 | Tar:7    | Entered Level 7 of Tartarus
 76449 | Tar:7    | Noticed Ereshkigal
 76461 | Tar:7    | Killed Ereshkigal
 76583 | Tar:7    | Reached skill level 10 in Charms
 76872 | Tar:7    | Got a bone rune of Zot
 77308 | Geh:1    | Entered Level 1 of Gehenna
 77791 | Geh:7    | Entered Level 7 of Gehenna
 77830 | Geh:7    | Reached skill level 27 in Fighting
 78104 | Geh:7    | Found the +7 captain's cutlass {speed, disarm}
 78265 | Geh:7    | Identified the +7 sceptre of Asmodeus
 78265 | Geh:7    | Noticed Asmodeus
 78276 | Geh:7    | Killed Asmodeus
 78290 | Geh:7    | Got a pitted iron ring
 78291 | Geh:7    | Identified the cursed ring of Ogeleac {Str-3 Dex+5} (You
                  | found it on level 7 of Gehenna)
 78324 | Geh:7    | Got an obsidian rune of Zot
 78341 | Geh:7    | Identified the Guide on Damaging Curses
 78658 | Coc:1    | Entered Level 1 of Cocytus
 79601 | Coc:5    | Reached skill level 15 in Spellcasting
 79695 | Coc:7    | Entered Level 7 of Cocytus
 79945 | Coc:7    | Noticed Antaeus
 79946 | Coc:7    | Killed Antaeus
 79958 | Coc:7    | Got an icy rune of Zot
 79961 | Coc:7    | Got a pitted amethyst amulet
 80798 | D:11     | Bought a scroll of fog for 28 gold pieces
 80798 | D:11     | Bought a scroll of enchant armour for 105 gold pieces
 80798 | D:11     | Bought a scroll of fog for 28 gold pieces
 80798 | D:11     | Bought a scroll of summoning for 133 gold pieces
 80799 | D:11     | Identified the amulet of Departure {Acrobat rN+ Str+4
                  | Dex-3} (You found it on level 7 of Cocytus)
 80945 | Dis:1    | Entered Level 1 of the Iron City of Dis
 80972 | Dis:1    | You fall through a shaft!
 81517 | Dis:5    | You fall through a shaft!
 81595 | Dis:7    | Entered Level 7 of the Iron City of Dis
 82369 | Dis:7    | Learned a level 9 spell: Shatter
 82376 | Dis:7    | Gained mutation: You are dopey. (Int -2) [a cacodemon]
 82401 | Dis:7    | Identified the +4 staff of Dispater
 82401 | Dis:7    | Noticed Dispater
 82409 | Dis:7    | Killed Dispater
 82831 | Dis:7    | Got an iron rune of Zot
 83376 | Tomb:1   | Entered Level 1 of the Tomb of the Ancients
 83490 | Tomb:1   | Reached skill level 15 in Translocations
 84194 | Tomb:1   | Noticed an ancient lich
 84196 | Tomb:1   | Noticed a greater mummy
 84199 | Tomb:1   | Noticed a greater mummy
 84399 | Tomb:1   | Learned a level 8 spell: Controlled Blink
 84436 | Tomb:1   | Killed a greater mummy
 84522 | Tomb:1   | Killed an ancient lich
 84548 | Tomb:1   | Killed a greater mummy
 84970 | Tomb:1   | Noticed a greater mummy
 84983 | Tomb:1   | Killed a greater mummy
 84996 | Tomb:1   | Noticed a greater mummy
 84998 | Tomb:1   | Noticed a greater mummy
 85022 | Tomb:1   | Killed a greater mummy
 85083 | Tomb:1   | Noticed a greater mummy
 85085 | Tomb:1   | Noticed a greater mummy
 85085 | Tomb:1   | Noticed a greater mummy
 85085 | Tomb:1   | Noticed a greater mummy
 85085 | Tomb:1   | Noticed a greater mummy
 85085 | Tomb:1   | Noticed a greater mummy
 85085 | Tomb:1   | Noticed a greater mummy
 85086 | Tomb:1   | Noticed a greater mummy
 85089 | Tomb:1   | Noticed a greater mummy
 85092 | Tomb:1   | Killed a greater mummy
 85093 | Tomb:1   | Noticed a greater mummy
 85093 | Tomb:1   | Noticed a greater mummy
 85094 | Tomb:1   | Noticed a greater mummy
 85162 | Tomb:1   | Killed a greater mummy
 85181 | Tomb:1   | Noticed a greater mummy
 85188 | Tomb:1   | Killed a greater mummy
 85197 | Tomb:1   | Killed a greater mummy
 85199 | Tomb:1   | Killed a greater mummy
 85201 | Tomb:1   | Killed a greater mummy
 85414 | Tomb:1   | Killed a greater mummy
 85424 | Tomb:1   | Killed a greater mummy
 85436 | Tomb:1   | Killed a greater mummy
 85539 | Tomb:1   | Noticed a greater mummy
 85549 | Tomb:1   | Killed a greater mummy
 85681 | Tomb:1   | Noticed a greater mummy
 85691 | Tomb:1   | Killed a greater mummy
 85693 | Tomb:1   | Killed a greater mummy
 85699 | Tomb:1   | Killed a greater mummy
 85920 | Tomb:1   | Killed a greater mummy
 85954 | Tomb:1   | Killed a greater mummy
 85982 | Tomb:1   | Noticed a greater mummy
 85990 | Tomb:1   | Killed a greater mummy
 85990 | Tomb:1   | Noticed a greater mummy
 85995 | Tomb:1   | Killed a greater mummy
 86003 | Tomb:1   | Killed a greater mummy
 86577 | Tomb:3   | Entered Level 3 of the Tomb of the Ancients
 86591 | Tomb:3   | Found the +8 lance "Wyrmbane" {slay drac, rPois rF+ rC+
                  | AC+3}
 86591 | Tomb:3   | Found the +2 robe of Vines {NoPotionHeal Regen+7}
 86632 | Tomb:3   | Noticed a greater mummy
 86643 | Tomb:3   | Killed a greater mummy
 86673 | Tomb:3   | Noticed a greater mummy
 86675 | Tomb:3   | Noticed a greater mummy
 86680 | Tomb:3   | Killed a greater mummy
 86682 | Tomb:3   | Killed a greater mummy
 86682 | Tomb:3   | Noticed a greater mummy
 86682 | Tomb:3   | Identified the amulet "Lidom" {Acrobat rElec Str-5 Dex+6}
 86683 | Tomb:3   | Noticed a greater mummy
 86712 | Tomb:3   | Killed a greater mummy
 86718 | Tomb:3   | Killed a greater mummy
 86759 | Tomb:3   | Noticed a greater mummy
 86765 | Tomb:3   | Identified the +6 hunting sling of Kavatuv {speed, rElec
                  | rC+ Dex+4}
 86780 | Tomb:3   | Killed a greater mummy
 86836 | Tomb:3   | Noticed a greater mummy
 86846 | Tomb:3   | Noticed a greater mummy
 86860 | Tomb:3   | Killed a greater mummy
 86861 | Tomb:3   | Noticed an ancient lich
 86862 | Tomb:3   | Killed a greater mummy
 86877 | Tomb:3   | Killed an ancient lich
 87125 | Tomb:3   | Got a golden rune of Zot
 87241 | Tomb:1   | Noticed a greater mummy
 87251 | Tomb:1   | Killed a greater mummy
 87826 | Zot:5    | Entered Level 5 of the Realm of Zot
 87902 | Zot:5    | Noticed an ancient lich
 87914 | Zot:5    | Noticed an orb of fire
 87920 | Zot:5    | Killed an orb of fire
 87920 | Zot:5    | Noticed an orb of fire
 87920 | Zot:5    | Noticed an orb of fire
 87923 | Zot:5    | Noticed an ancient lich
 88194 | Zot:4    | Killed an ancient lich
 88239 | Zot:4    | Killed an orb of fire
 88240 | Zot:4    | Killed an ancient lich
 88290 | Zot:5    | Killed an orb of fire
 88350 | Zot:5    | Noticed an ancient lich
 88359 | Zot:5    | Killed an ancient lich
 89009 | Zot:5    | Got the Orb of Zot
 89563 | D:$      | Escaped with the Orb!

Levels and vault maps discovered:
D:1:      evilmike_arrival_rings, layout_rooms
D:2:      layout_basic, lemuel_crystal_altar, nicolae_qazlal_general_emergency,
          kennysheep_nub, uniq_natasha
D:3:      layout_basic, lemuel_crystal_altar, marbit_many_paths, first_ration,
          kennysheep_flooded_box, minmay_crystal_room, columned_hall_lemuel,
          uniq_crazy_yiuf_cottage, uniq_sigmund
D:4:      layout_basic, kennysheep_mini, enter_ossuary_4, grunt_decor_arrowhead
D:5:      layout_basic, serial_shops, shop, uniq_blork_the_orc, uniq_edmund
D:6:      layout_loops_cross, kennysheep_mini_moat, temple_hall_moat,
          uniq_grinder, uniq_prince_ribbit1
D:7:      layout_loops_cross, grunt_gozag_statues, ashenzari_altar_1,
          old_standard_altar, the_bakery, minivault_23, st_stairs_10
D:8:      layout_cave_pools, overflow_temple_1_default, uniq_maurice, uniq_erica
D:9:      layout_stronghold, grunt_dithmenos_smoke, okawaru_humans,
          kennysheep_generic_room_15
D:10:     layout_big_octagon, david_orc_4, serial_shops,
          nicolae_shop_statue_plus, hangedman_decor_riveting,
          grunt_ministairs_9, evilmike_butchery, uniq_grum
D:11:     layout_long_grid, dpeg_lair_monsters, serial_shops, shop, basic_altar,
          uniq_nergalle
D:12:     layout_roguey, st_stairs_9, elyvilon_altar_1, uniq_kirke
D:13:     layout_loops_cross, kennysheep_cross_room
D:14:     minmay_guarded_unrand_guard, layout_basic,
          grunt_vaults_entry_fortified, uniq_azrael, uniq_roxanne
D:15:     gammafunk_depths_entry_grave, layout_irregular_city, minivault_24
Lair:1:   layout_long_grid, gammafunk_ghost_necromancy,
          minmay_lair_oklob_chamber, infiniplex_staircase_pool, uniq_sonja
Lair:2:   layout_roguey, beast_lair_carwin_4
Lair:3:   minmay_lair_oklob_tunnel, layout_regular_city, spider_nest_entry_webs,
          gauntlet_entry_generic, minivault_25, minmay_lindwurm_lava,
          serial_bayou_shore_b
Lair:4:   layout_misc_corridors, swamp_mist_pool, ebering_ghost_inner_flame,
          uniq_snorg
Lair:5:   layout_roguey, grunt_megastairs_4
Lair:6:   grunt_lair_end_beastmaster, layout_regular_city, slime_altar_1
Swamp:1:  layout_basic_swamp, evilmike_swamp_ruin_rubble_1, uniq_josephine,
          uniq_frances, uniq_jorgrun
Swamp:2:  layout_basic_swamp, nicolae_swamp_treefoil,
          nicolae_swamp_very_dense_foliage
Swamp:3:  layout_falls_marsh, gammafunk_ghost_hydra_chop,
          evilmike_swamp_ruin_house_4
Swamp:4:  swamp_old_school, layout_basic_swamp, swamp_pool5
Spider:1: layout_spider_delve
Spider:2: layout_spider_delve
Spider:3: cheibrodos_forgotten_conduit, uniq_arachne, uniq_agnes, uniq_donald
Spider:4: spider_rune_water, uniq_louise
Slime:1:  layout_caves
Slime:2:  layout_caves
Slime:3:  layout_caves, cheibrodos_slime_lost_civilization_7
Slime:4:  layout_caves
Slime:5
Orc:1:    layout_diamond_mine
Orc:2:    st_orc_rangers, layout_caves, uniq_urug
Elf:1:    layout_onion_city, gammafunk_ghost_wrathful_warriors
Elf:2:    layout_loops_cross, serial_shops, shop, hangedman_elf_simple_split
Elf:3:    minmay_elf_hall, layout_geoelf_grid, minivault_25_ag, minmay_shoptagon
Vaults:1: nicolae_vaults_shelves_hall, v_misc_22, vaults_room_grid,
          nicolae_vaults_little_squares_3, hangedman_vaults_snaps, serial_ice_g,
          layout_vaults_big_room
Vaults:2: vaults_dpeg_ring, vaults_room_boxed, nicolae_vaults_what_the_h,
          hangedman_vaults_nodes, nicolae_vaults_little_squares_6,
          nicolae_vaults_network_periphery, nicolae_vaults_network_barrier,
          vaults_room_fours, serial_ice_b, ontoclasm_vaults_claustrophobia,
          vaults_room_pools, layout_vaults_maze, portal_desolation_entry_ruin,
          uniq_xtahua
Vaults:3: minmay_crypt_entry_necro_gods, hangedman_vaults_pinch,
          vaults_standard_mumra_enter_the_diamond, layout_vaults_omnigrid
Vaults:4: v_misc_2, nicolae_vaults_little_squares_1, ontoclasm_vaults_eye,
          grunt_vaults_diagonal, nicolae_vaults_disjoint_gnomons,
          ontoclasm_vaults_gateway, hangedman_vaults_maws, grunt_vaults_funnel,
          v_misc_3, nicolae_vaults_know_your_exits, vaults_dpeg_diagonal,
          layout_vaults_omnibox, serial_shops, nicolae_shop_behind_doors
Vaults:5
Crypt:1:  layout_basic, gammafunk_ghost_fury_of_okawaru,
          grunt_crypt_arrival_guarded_gate, uniq_khufu
Crypt:2:  layout_chaotic_city, chequers_hall_statues_corner_a
Crypt:3:  evilmike_haunted_forest
Tomb:1
Tomb:2
Tomb:3
Depths:1: layout_basic, grunt_mini_vestibule, hex_tiny,
          minmay_misc_feat_diagonals, chequers_jeans, hangedman_devilish_allure
Depths:2: minmay_outward_triangles, layout_cave_shapes, enter_ziggurat_b,
          hell_entry, serial_sigils_hangedman_scar, serial_shops, shop,
          due_unseen_surprise, infiniplex_staircase_split_hallway
Depths:3: kennysheep_blocky_room, layout_basic, pan_entry,
          hangedman_tar_grid_catacomb, serial_bayou_ford_a,
          kennysheep_generic_room_4
Depths:4: minmay_mutant_horseshoe, layout_honeycomb, rand_demon_pan_entry_1,
          hangedman_abyss_entry_splay, hangedman_coc_ice_floe, serial_shops,
          shop, kennysheep_another_room, minivault_10, kennysheep_generic_room_6
Depths:5: grunt_zot_entry_tricorne, layout_basic, grunt_decor_mini_mirrors,
          grunt_hell_entry_dis_grunt, st_stairs_14
Hell
Dis:1:    layout_jigsaw, hangedman_dis_decor_tower, hangedman_dis_chains
Dis:2:    layout_jigsaw
Dis:3:    layout_gridville
Dis:4:    layout_regular_city, grunt_dis_stairs_iron_hall
Dis:5:    layout_gridville
Dis:6:    layout_chaotic_city, grunt_megastairs_2
Dis:7:    iron_city_of_dis [dis_grunt, dis_wall_2], layout_chaotic_city
Geh:1:    layout_gehenna_pools_box
Geh:2:    layout_gehenna_pools_basic
Geh:3:    layout_gehenna_pools_triple, hangedman_elemental_corridor
Geh:4:    layout_gehenna_pools_basic
Geh:5:    layout_gehenna_pools_triple
Geh:6:    layout_gehenna_pools_basic
Geh:7:    geh_mu
Coc:1:    layout_cocytus_water_paths
Coc:2:    layout_cocytus_water_paths
Coc:3:    layout_ice_bergs
Coc:4:    layout_ice_bergs
Coc:5:    layout_ice_bergs
Coc:6:    layout_ice_bergs
Coc:7:    coc_mu
Tar:1:    layout_grid_maze
Tar:2:    layout_catacombs
Tar:3:    layout_cathedral_of_symmetry, hangedman_tartarus_temple_path,
          hangedman_snap_crack_crunch
Tar:4:    layout_grid_maze
Tar:5:    grunt_deathspiral_small, layout_cathedral_of_symmetry
Tar:6:    layout_cathedral_of_symmetry
Tar:7:    tar_old
Zot:1:    layout_onion_interference
Zot:2:    layout_gridville, hangedman_zot_diagonal_lockstep,
          kennysheep_underground_church
Zot:3:    layout_onion
Zot:4:    layout_twisted_circle
Zot:5:    layout_basic
Abyss:1
Abyss:3
Pan:      gloorx_vloq, layout_pan_divisions_a [pan_division_quadrant_a3,
          pan_division_quadrant_a3, pan_division_quadrant_a4,
          pan_division_quadrant_a1, pan_division_octagon_rings]
Ossuary:  ossuary_zaba_flooded
Desolation
Gauntlet: minmay_gauntlet_77_tree [minmay_gauntlet_arena_77_squiggly,
          minmay_gauntlet_arena_77_braids,
          minmay_gauntlet_arena_77_double_cross, minmay_gauntlet_arena_77_fan,
          minmay_gauntlet_arena_77_mirror, minmay_gauntlet_arena_77_path,
          minmay_gauntlet_arena_77_cramped, gauntlet_exit_hidden_loot]

Skill      XL: |  1  2  3  4  5  6  7  8  9 10 11 12 13 14 15 16 17 18 19 20 21 22 23 24 25 26 27 |
---------------+----------------------------------------------------------------------------------+-----
Stealth        | 1 2 4 6 7 9 11 12 14 15 16 17 18 19 20 21 23 24 25 27 | 27.0
Short Blades   | 3 4 5 7 8 9 10 11 12 13 14 | 14.0
Fighting       | 4 5 6 7 8 9 10 11 12 13 14 16 17 18 19 20 21 27 | 27.0
Shields        | 4 5 6 7 8 9 10 11 12 13 14 15 | 15.0
Invocations    | 2 4 7 8 11 12 13 22 | 22.8
Evocations     | 3 5 7 8 10 | 10.0
Translocations | 1 4 6 8 20 | 20.0
Dodging        | 5 6 8 9 10 11 12 14 15 16 | 16.0
Spellcasting   | 2 4 6 8 9 10 11 12 20 | 20.1
Transmutations | 1 4 6 9 10 | 10.0
Earth Magic    | 1 4 6 8 9 10 20 | 20.6
Charms         | 3 5 10 | 10.0
Necromancy     | 2 5 6 8 |  8.0
Conjurations   | 2 5 |  5.0
Air Magic      | 11 | 11.9

Action                   |  1- 3 |  4- 6 |  7- 9 | 10-12 | 13-15 | 16-18 | 19-21 | 22-24 | 25-27 || total
-------------------------+-------+-------+-------+-------+-------+-------+-------+-------+-------++-------
Melee: Rapier            |    39 |    75 |   231 |       |   696 |  1001 |   694 |   932 |  4888 ||  8556
       Constrict         |    11 |    15 |    50 |    65 |    86 |   131 |   130 |    79 |   511 ||  1078
       Tentacles         |     4 |     9 |    75 |   153 |   191 |   272 |   346 |   295 |  1236 ||  2581
       Dagger            |       |       |    26 |   542 |    76 |       |       |       |       ||   644
       Quick blade       |       |       |       |       |       |       |   434 |    60 |       ||   494
       Kick              |       |       |       |       |       |       |   129 |   438 |   933 ||  1500
Throw: Throwing net      |       |       |       |       |       |       |       |       |     5 ||     5
 Cast: Shroud of Golubri |       |       |       |       |       |     1 |       |     1 |     1 ||     3
       Regeneration      |       |       |       |       |       |       |    13 |     9 |   292 ||   314
       Statue Form       |       |       |       |       |       |       |    11 |    35 |   145 ||   191
       Irradiate         |       |       |       |       |       |       |     3 |       |     1 ||     4
       Passwall          |       |       |       |       |       |       |       |    15 |    10 ||    25
       Apportation       |       |       |       |       |       |       |       |     2 |    30 ||    32
       Borgnjor's Vile C |       |       |       |       |       |       |       |    19 |   122 ||   141
       Passage of Golubr |       |       |       |       |       |       |       |       |    38 ||    38
       Lesser Beckoning  |       |       |       |       |       |       |       |       |    52 ||    52
       Sublimation of Bl |       |       |       |       |       |       |       |       |    12 ||    12
       Deflect Missiles  |       |       |       |       |       |       |       |       |    10 ||    10
       Blink             |       |       |       |       |       |       |       |       |     7 ||     7
       Shatter           |       |       |       |       |       |       |       |       |     4 ||     4
       Confusing Touch   |       |       |       |       |       |       |       |       |     1 ||     1
Invok: Stomp             |       |       |     3 |    21 |    20 |    14 |    39 |     7 |    12 ||   116
       Line Pass         |       |       |       |     2 |     3 |       |     1 |       |     5 ||    11
       Grand Finale      |       |       |       |       |       |       |     1 |     1 |    21 ||    23
 Abil: Evoke Invisibilit |       |       |       |       |     6 |    15 |    10 |     6 |    17 ||    54
       End Transformatio |       |       |       |       |       |       |       |     1 |     4 ||     5
Evoke: Wand              |       |       |     1 |     7 |     3 |    25 |     9 |       |    26 ||    71
       Phial of floods   |       |       |       |     1 |     1 |     2 |     2 |     1 |     3 ||    10
       Lightning rod     |       |       |       |       |     4 |     8 |     2 |       |     4 ||    18
       Phantom mirror    |       |       |       |       |     1 |       |       |       |       ||     1
       Lamp of fire      |       |       |       |       |       |       |       |       |     2 ||     2
  Use: Scroll            |       |     9 |     8 |     7 |    13 |    10 |     8 |    21 |    45 ||   121
       Potion            |       |     1 |       |     4 |     7 |     7 |     8 |     1 |    38 ||    66
 Stab: Sleeping          |     2 |    15 |    21 |    24 |    98 |    72 |    91 |    68 |   176 ||   567
       Paralysed         |       |       |    11 |    28 |    72 |    77 |    94 |    82 |   418 ||   782
       Distracted        |       |       |     4 |     4 |     4 |    11 |     7 |     5 |    22 ||    57
       Confused          |       |       |       |       |     1 |     1 |       |       |     1 ||     3
       Invisible         |       |       |       |       |    19 |    65 |    26 |    15 |    38 ||   163
       Petrified         |       |       |       |       |     1 |       |       |       |       ||     1
       Held in net/web   |       |       |       |       |       |       |       |       |     2 ||     2
  Eat: Ration            |       |     1 |     3 |     4 |     3 |     4 |     8 |     4 |    60 ||    87
       Chunk             |       |     3 |     3 |    16 |    29 |    27 |    23 |    39 |    28 ||   168
Armor: Skin              |     9 |     1 |     7 |    20 |    31 |    36 |    42 |   147 |  1004 ||  1297
Dodge: Dodged            |    23 |    19 |    76 |   136 |   360 |   590 |   458 |   452 |  3574 ||  5688
       Deflected         |       |       |       |       |       |       |       |       |    62 ||    62
Block: Shield            |    16 |    30 |    89 |   212 |   395 |   505 |   521 |   560 |  3164 ||  5492
       Reflection        |       |       |       |       |       |     9 |    40 |    48 |    53 ||   150

Table legend:
 A = Non-vault XP
 B = Vault XP
 C = Vault XP percentage of total XP
 D = Non-vault monster count
 E = Vault monster count
 F = Vault count percentage of total count
                 A         B        C        D         E       F
            +---------+---------+-------+---------+---------+-------
      Total | 1512912 | 1510176 |  50.0 |    2589 |    1301 |  33.4
            +---------+---------+-------+---------+---------+-------
        D:1 |      23 |       0 |   0.0 |      15 |       0 |   0.0
        D:2 |     135 |      35 |  20.6 |      20 |       1 |   4.8
        D:3 |     103 |     265 |  72.0 |      10 |       3 |  23.1
        D:4 |     245 |       1 |   0.4 |      14 |       1 |   6.7
        D:5 |     473 |     262 |  35.6 |      18 |       2 |  10.0
        D:6 |     794 |     549 |  40.9 |      12 |       2 |  14.3
        D:7 |     689 |     389 |  36.1 |      14 |       4 |  22.2
        D:8 |    1429 |    1395 |  49.4 |      19 |       2 |   9.5
        D:9 |    3449 |     381 |   9.9 |      35 |       2 |   5.4
       D:10 |    3229 |    5707 |  63.9 |      39 |      25 |  39.1
       D:11 |    4959 |     800 |  13.9 |      28 |       1 |   3.4
       D:12 |    6652 |    3750 |  36.1 |      32 |       7 |  17.9
       D:13 |    8901 |       0 |   0.0 |      43 |       0 |   0.0
       D:14 |   20491 |   18776 |  47.8 |      54 |      31 |  36.5
       D:15 |   14267 |    4041 |  22.1 |      46 |       8 |  14.8
     Lair:1 |    4859 |     820 |  14.4 |      19 |       1 |   5.0
     Lair:2 |    4901 |    1153 |  19.0 |      19 |       6 |  24.0
     Lair:3 |    6697 |    5379 |  44.5 |      26 |      11 |  29.7
     Lair:4 |    8408 |    3279 |  28.1 |      30 |       3 |   9.1
     Lair:5 |    6163 |       0 |   0.0 |      29 |       0 |   0.0
     Lair:6 |   10916 |   11228 |  50.7 |      42 |      20 |  32.3
    Swamp:1 |    6360 |    7064 |  52.6 |      18 |       8 |  30.8
    Swamp:2 |   15188 |       0 |   0.0 |      41 |       0 |   0.0
    Swamp:3 |   11378 |    4818 |  29.7 |      31 |       4 |  11.4
    Swamp:4 |   16110 |   22530 |  58.3 |      33 |      31 |  48.4
   Spider:1 |    9918 |       0 |   0.0 |      31 |       0 |   0.0
   Spider:2 |   11882 |       0 |   0.0 |      35 |       0 |   0.0
   Spider:3 |   12243 |   15276 |  55.5 |      37 |      14 |  27.5
   Spider:4 |   22089 |   22784 |  50.8 |      59 |      42 |  41.6
    Slime:1 |    2334 |       0 |   0.0 |       8 |       0 |   0.0
    Slime:2 |    7568 |       0 |   0.0 |       9 |       0 |   0.0
    Slime:3 |     553 |       0 |   0.0 |       1 |       0 |   0.0
    Slime:4 |   13892 |       0 |   0.0 |      31 |       0 |   0.0
    Slime:5 |   10919 |   26085 |  70.5 |      24 |       9 |  27.3
      Orc:1 |    2171 |       0 |   0.0 |      33 |       0 |   0.0
      Orc:2 |    1982 |    6468 |  76.5 |      23 |      37 |  61.7
      Elf:1 |   10824 |   13522 |  55.5 |      18 |       7 |  28.0
      Elf:2 |   14657 |    3233 |  18.1 |      25 |       5 |  16.7
      Elf:3 |   13047 |   47011 |  78.3 |      18 |      31 |  63.3
   Vaults:1 |   49637 |    1779 |   3.5 |     100 |       3 |   2.9
   Vaults:2 |   25426 |   13855 |  35.3 |      65 |      22 |  25.3
   Vaults:3 |   20578 |    4635 |  18.4 |      35 |       6 |  14.6
   Vaults:4 |    8560 |   27279 |  76.1 |      14 |      38 |  73.1
   Vaults:5 |   39192 |  133171 |  77.3 |      58 |      91 |  61.1
    Crypt:1 |   16854 |    9729 |  36.6 |      51 |       4 |   7.3
    Crypt:2 |   30005 |       0 |   0.0 |      38 |       0 |   0.0
    Crypt:3 |       0 |   75160 | 100.0 |       0 |     107 | 100.0
     Tomb:1 |   19147 |  181922 |  90.5 |      32 |      56 |  63.6
     Tomb:2 |    7069 |   11451 |  61.8 |      10 |      11 |  52.4
     Tomb:3 |   30015 |   94073 |  75.8 |      47 |      68 |  59.1
   Depths:1 |   55406 |   11295 |  16.9 |      75 |      21 |  21.9
   Depths:2 |   33823 |   15656 |  31.6 |      38 |      12 |  24.0
   Depths:3 |   25273 |   10784 |  29.9 |      36 |      10 |  21.7
   Depths:4 |   29872 |   13285 |  30.8 |      34 |      12 |  26.1
   Depths:5 |   49235 |   26663 |  35.1 |      42 |      17 |  28.8
       Hell |   19036 |   16443 |  46.3 |      31 |      23 |  42.6
      Dis:1 |    1436 |       0 |   0.0 |       7 |       0 |   0.0
      Dis:2 |      39 |       0 |   0.0 |       1 |       0 |   0.0
      Dis:4 |   35681 |   16601 |  31.8 |      53 |      35 |  39.8
      Dis:5 |      39 |       0 |   0.0 |       1 |       0 |   0.0
      Dis:6 |    3182 |       0 |   0.0 |       7 |       0 |   0.0
      Dis:7 |   37705 |  108124 |  74.1 |      72 |      72 |  50.0
      Geh:2 |     650 |       0 |   0.0 |       2 |       0 |   0.0
      Geh:3 |    7343 |       0 |   0.0 |      11 |       0 |   0.0
      Geh:4 |     309 |       0 |   0.0 |       1 |       0 |   0.0
      Geh:6 |   27789 |       0 |   0.0 |      49 |       0 |   0.0
      Geh:7 |   20290 |   41205 |  67.0 |      28 |      25 |  47.2
      Coc:1 |   38830 |       0 |   0.0 |      74 |       0 |   0.0
      Coc:3 |   10925 |       0 |   0.0 |      13 |       0 |   0.0
      Coc:5 |    6848 |       0 |   0.0 |       7 |       0 |   0.0
      Coc:6 |     787 |       0 |   0.0 |       4 |       0 |   0.0
      Coc:7 |   29297 |   32401 |  52.5 |      57 |      35 |  38.0
      Tar:1 |     696 |       0 |   0.0 |       3 |       0 |   0.0
      Tar:2 |   16771 |       0 |   0.0 |      19 |       0 |   0.0
      Tar:3 |    4416 |       0 |   0.0 |       8 |       0 |   0.0
      Tar:5 |    9245 |       0 |   0.0 |       6 |       0 |   0.0
      Tar:6 |   63244 |       0 |   0.0 |      54 |       0 |   0.0
      Tar:7 |   50315 |   44883 |  47.1 |      56 |      24 |  30.0
      Zot:1 |   19882 |       0 |   0.0 |       9 |       0 |   0.0
      Zot:2 |   44898 |    7820 |  14.8 |      27 |       6 |  18.2
      Zot:3 |   43511 |       0 |   0.0 |      24 |       0 |   0.0
      Zot:4 |  105783 |   30679 |  22.5 |      60 |       4 |   6.2
      Zot:5 |   44804 |  128171 |  74.1 |      27 |      36 |  57.1
    Abyss:1 |    6430 |    1110 |  14.7 |       4 |       1 |  20.0
    Abyss:3 |   12070 |    4794 |  28.4 |      28 |      13 |  31.7
        Pan |  119671 |  170770 |  58.8 |     132 |     108 |  45.0
    Ossuary |       0 |     673 | 100.0 |       0 |      32 | 100.0
 Desolation |       0 |   45845 | 100.0 |       0 |      83 | 100.0
   Gauntlet |       0 |    2919 | 100.0 |       0 |       8 | 100.0
            +---------+---------+-------+---------+---------+-------
